 Dungeon Crawl Stone Soup version 0.32-a0-999-gfa1cc04b1d (webtiles) character file.

Game seed: 11684185072567475932

1874 BubbleThief the Covert (level 8, -4/52 HPs)
             Began as a Vampire Enchanter on Apr 25, 2024.
             Was a Believer of Dithmenos.
             Slain by an orc warrior
             ... wielding a +0 war axe
              (18 damage)
             ... on level 7 of the Dungeon on Apr 26, 2024.
             The game lasted 00:17:55 (6518 turns).

BubbleThief the Covert (Vampire Enchanter)          Turns: 6518, Time: 00:17:56

Health: -4/52      AC:  2    Str:  7    XL:     8   Next: 91%
Magic:  6/11       EV: 11    Int: 17    God:    Dithmenos [**....]
Gold:   371        SH:  0    Dex: 17    Spells: 3/11 levels left

rFire   + . .        B - +0 short sword (venom)
rCold   + . .        (no shield)
rNeg    + . .        b - +0 robe
rPois   +            (no helmet)
rElec   .            e - scarf {rC+ rF+}
rCorr   .            (no gloves)
SInv    +            (no boots)
Will    .....        (no amulet)
Stlth   ++++++       i - ring of poison resistance
HPRegen 0.48/turn    v - ring of positive energy
MPRegen 0.12/turn

%: no passive effects
@: confusing by touch, healing quickly, wreathed by umbra
A: alive, fangs 3, see invisible, vampiric 2
a: Exsanguinate, Renounce Religion, Shadow Step


You were on level 7 of the Dungeon.
You worshipped Dithmenos.
Dithmenos was pleased with you.
You visited 2 branches of the dungeon, and saw 8 of its levels.

You collected 413 gold pieces.
You spent 42 gold pieces at shops.

Inventory:

Hand Weapons
 a - a +1 dagger
 y - a +0 rapier
 B - a +0 short sword of venom (weapon)
Missiles
 k - 6 atropa-tipped darts (quivered)
 q - 4 throwing nets
Armour
 b - a +0 robe (worn)
 e - a scarf of resistance (worn)
Jewellery
 i - a ring of poison resistance (left hand)
 v - a ring of positive energy (right hand)
Wands
 l - a wand of flame (20)
 s - a wand of light (1)
 z - a wand of roots (10)
Scrolls
 d - a scroll of amnesia {unknown}
 f - 3 scrolls of vulnerability {unknown}
 j - a scroll of immolation {unknown}
 m - 7 scrolls of identify {unknown}
 o - a scroll of torment {unknown}
 p - 2 scrolls of enchant armour {unknown}
 r - a scroll of poison {unknown}
 t - a scroll of noise {unknown}
 u - a scroll of fear {unknown}
 w - 2 scrolls of brand weapon {unknown}
 x - 2 scrolls of teleportation {unknown}
 A - a scroll of blinking {unknown}
Potions
 c - 3 potions of invisibility
 g - 3 potions of curing
 h - 2 potions of enlightenment {unknown}
 n - a potion of degeneration {unknown}
 C - a potion of heal wounds {unknown}


   Skills:
 + Level 0.3 Fighting
 + Level 5.6 Short Blades
 + Level 2.3 Dodging
 - Level 12.0 Stealth
 - Level 2.0 Spellcasting
 * Level 11.3 Hexes


You had 3 spell levels left.
You knew the following spells:

 Your Spells              Type           Power      Damage    Failure   Level
a - Ensorcelled Hibernat  Hex/Ice        40%        N/A       3%          2
b - Confusing Touch       Hex            40%        N/A       1%          3
c - Tukima's Dance        Hex            40%        N/A       1%          3

Your spell library contained the following spells:

 Spells                   Type           Power      Damage    Failure   Level
 Slow                     Hex            100%       N/A       1%          1
 Dazzling Flash           Conj/Hex       40%        N/A       6%          3
 Magic Dart               Conj           4%         1d3       19%         1
 Searing Ray              Conj           2%         2d4       28%         2
 Static Discharge         Conj/Air       2%         3-4/arc   28%         2
 Hailstorm                Conj/Ice       1%         3d5       50%         3
 Summon Ice Beast         Ice/Summ       1%         N/A       50%         3
 Vampiric Draining        Necr           1%         2d6       50%         3
 Airstrike                Air            0%         2d(1-17)  88%         4
 Fulminant Prism          Conj/Alch      0%         3d5       88%         4
 Summon Lightning Spire   Summ/Air       1%         N/A       88%         4
 Permafrost Eruption      Ice/Erth       0%         2x4d1     100%        6
 Sculpt Simulacrum        Ice/Alch       0%         N/A       100%        6


Dungeon Overview and Level Annotations

Branches:
Dungeon (7/15)             Temple (1/1) D:4

Altars:
Ashenzari
Cheibriados
Dithmenos
Fedhas
Gozag
Hepliaklqana
Kikubaaqudgha
Nemelex Xobeh
Okawaru
Qazlal
Ru
Sif Muna
Trog
Uskayaw
Vehumet
Wu Jian
Xom
Yredelemnul

Shops:
D:1 !

Annotations:
D:7 Dowan


Innate Abilities, Weirdness & Mutations

Your natural rate of healing is accelerated.
You have razor-sharp teeth.
You have supernaturally acute eyesight. (SInv)
You are afflicted with vampirism and can become a bat while bloodless.


Message History

You kill the orc!
Dithmenos accepts your kill.
No target in view!
No target in view!
Magic restored.
An orc warrior comes into view. It is wielding a +0 war axe.
Items here: )) [ †.
Okay, then.
Casting: Ensorcelled Hibernation (safe; 3% risk of failure)
Confirm with . or Enter, or press ? or * to list all spells.
Aiming: Ensorcelled Hibernation (safe; 3% risk of failure)
Press: ? - help, Shift-Dir - straight line, f - orc warrior
Aim: an orc warrior, wielding a +0 war axe and wearing a +0 chain mail (wandering, hasn't noticed you, umbra, chance to affect: 52%)
The orc warrior shouts!
The orc warrior looks drowsy...
The orc shouts!
Found a war axe.
The orc hits you with a +0 morningstar!
The orc warrior shouts!
Unknown command.
Unknown command.
Casting: Ensorcelled Hibernation (safe; 3% risk of failure)
Confirm with . or Enter, or press ? or * to list all spells.
Your hands begin to glow red.
The orc hits you with a +0 morningstar.
The orc warrior hits you with a +0 war axe!!
Unknown command.
You barely miss the orc warrior. You bite the orc warrior.
The orc warrior is lightly wounded.
The orc barely misses you.
The orc warrior hits you with a +0 war axe.
* * * LOW HITPOINT WARNING * * *
Unknown command.
You closely miss the orc warrior.
The orc warrior is lightly wounded.
Unknown command.
Unknown command.
You closely miss the orc warrior.
The orc warrior is lightly wounded.
The orc barely misses you.
The orc warrior hits you with a +0 war axe!!
You die...

#.##....#
######.##....#
.......##....#####.##
.....####...)........
###.## #.###.#######
# #.# ...###.######
###.#
###.#........#####
..#.#
#..............)
....#
..........@..#...
#...........>..o.o.#
######.............#
.............#
.............#
....######### ###


You could see an orc warrior and an orc.

Vanquished Creatures
  Eustachio (D:5)
  An ice beast (D:5)
  A black bear (D:6)
  A sky beast (D:6)
  3 ogres
  A kobold brigand (D:6)
  A gnoll sergeant (D:5)
  3 scorpions
  6 wights
  3 hounds
  2 jellies (D:3)
  An orc priest (D:7)
  A gnoll bouda (D:4)
  A sleepcap (D:6)
  An orc wizard (D:5)
  8 adders
  16 gnolls
  An ufetubus (D:7)
  4 dart slugs
  3 ribbon worms
  10 orcs
  15 endoplasms
  5 giant cockroaches
  4 goblins (D:1)
  8 hobgoblins
  2 jackals (D:1)
  17 kobolds
  3 quokkas
  7 ball pythons
  5 bats
  A frilled lizard (D:1)
  3 rats
139 creatures vanquished.

Vanquished Creatures (others)
  2 dancing weapons (D:5)
2 creatures vanquished.

Grand Total: 141 creatures vanquished

Notes
Turn   | Place    | Note
-------+----------+-------------------------------------------
     0 | D:1      | BubbleThief the Vampire Enchanter began the quest for the
                  | Orb.
     0 | D:1      | Reached XP level 1. HP: 13/13 MP: 3/3
   252 | D:1      | Reached XP level 2. HP: 19/19 MP: 5/5
   266 | D:1      | Learned a level 2 spell: Ensorcelled Hibernation
   293 | D:1      | Reached skill level 5 in Stealth
   343 | D:1      | Reached skill level 5 in Hexes
   744 | D:1      | Found Jiev Ria's Distillery.
   747 | D:1      | Bought a potion of curing for 42 gold pieces
  1044 | D:2      | Gained mutation: You are afflicted with vampirism and can
                  | become a bat while bloodless. [Vampire growth]
  1044 | D:2      | Reached XP level 3. HP: 24/24 MP: 6/6
  1051 | D:2      | Learned a level 3 spell: Confusing Touch
  1203 | D:2      | Found a faded altar of an unknown god.
  1829 | D:3      | Reached XP level 4. HP: 30/30 MP: 7/7
  1839 | D:2      | Reached skill level 6 in Stealth
  2325 | D:3      | Found a snail-covered altar of Cheibriados.
  2511 | D:3      | Found a radiant altar of Vehumet.
  2811 | D:3      | Reached XP level 5. HP: 35/35 MP: 5/8
  2867 | D:3      | Reached skill level 7 in Stealth
  3110 | D:4      | Reached XP level 6. HP: 41/41 MP: 9/9
  3537 | D:4      | Found a staircase to the Ecumenical Temple.
  3549 | D:4      | Identified the +1 leather armour "Boizxask" {Str+4 Int-4
                  | Dex+3}
  3560 | Temple   | Entered the Ecumenical Temple
  3569 | Temple   | Became a worshipper of Dithmenos the Shadowed
  3605 | D:4      | Reached skill level 8 in Stealth
  3639 | D:4      | Learned a level 3 spell: Tukima's Dance
  3743 | D:4      | Found a blossoming altar of Fedhas.
  3743 | D:4      | Found an ancient bone altar of Kikubaaqudgha.
  4152 | D:5      | Entered Level 5 of the Dungeon
  4200 | D:5      | Noticed Eustachio
  4223 | D:5      | Killed Eustachio
  4224 | D:5      | Reached XP level 7. HP: 46/46 MP: 5/10
  4334 | D:5      | Reached skill level 9 in Stealth
  4929 | D:5      | Reached * piety under Dithmenos
  5099 | D:5      | Reached skill level 10 in Stealth
  5336 | D:5      | Reached XP level 8. HP: 52/52 MP: 11/11
  5512 | D:6      | Reached skill level 10 in Hexes
  5576 | D:6      | Reached skill level 5 in Short Blades
  5576 | D:6      | Reached skill level 11 in Stealth
  6330 | D:7      | Reached skill level 12 in Stealth
  6391 | D:7      | Reached ** piety under Dithmenos
  6442 | D:7      | Noticed Dowan
  6518 | D:7      | Slain by an orc warrior

Illustrated notes

Levels and vault maps discovered:
D:1:      dpeg_arrival_tiny_j, layout_basic, serial_shops,
          nicolae_shop_real_fake_doors
D:2:      layout_loops_ring, shapermc_ecumenical_altar_totnotflames
D:3:      cheibrodos_fertilizer, layout_basic, kennysheep_slug_shrine,
          mainiacjoe_overflow_small_starburst, lightli_corner_chamber
D:4:      layout_loops_corners, grunt_temple_overflow_growth_and_decay,
          minmay_temple_entry_ruins
D:5:      layout_basic, corexii_item_surrounded_by_moat, uniq_eustachio
D:6:      layout_rooms
D:7:      layout_basic, makhleb_grotto_becter, st_stairs_13,
          hangedman_abyss_or_decor_lesser_grid, uniq_menkaure, uniq_duvessa
Temple:   hellmonk_temple_two_chambers

Skill      XL: |  1  2  3  4  5  6  7  8 |
---------------+-------------------------+-----
Stealth        | 5 6 7 8 10 12 | 12.0
Hexes          | 5 6 7 8 9 11 | 11.3
Short Blades   | 2 3 4 5 |  5.6
Fighting       | |  0.3
Dodging        | |  2.3
Spellcasting   | |  2.0

Action                     |  1- 3 |  4- 6 |  7- 9 || total
---------------------------+-------+-------+-------++-------
  Melee: Dagger            |   128 |   120 |    99 ||   347
         Bite              |     7 |    14 |    18 ||    39
         Short sword       |       |       |    48 ||    48
  Throw: Dart              |       |       |     2 ||     2
   Cast: Ensorcelled Hiber |     7 |    28 |    30 ||    65
         Confusing Touch   |     1 |     1 |     8 ||    10
         Tukima's Dance    |       |       |     4 ||     4
  Evoke: Wand              |       |       |     1 ||     1
   Stab: Sleeping          |    19 |    29 |    22 ||    70
         Confused          |     1 |       |     8 ||     9
         Invisible         |       |       |     1 ||     1
         Distracted        |       |       |     2 ||     2
 Armour: Robe              |    55 |    50 |    79 ||   184
  Dodge: Dodged            |    84 |    52 |    92 ||   228

Table legend: (Time is in decaauts)
 A = Elapsed time spent in this place.
 B = Non-inter-level travel time spent in this place.
 C = Inter-level travel time spent in this place.
 D = Time resting spent in this place.
 E = Time spent auto-exploring this place.
 F = Levels seen in this place.
 G = Mean time per level.
                   A        B        C        D        E       F      G
               +--------+--------+--------+--------+--------+-----+--------+
         Total |   6463 |   6268 |    195 |    277 |   4535 |   8 |  807.9 |
       Dungeon |   6444 |   6265 |    179 |    277 |   4535 |   7 |  920.6 |
        Temple |     18 |      2 |     16 |      0 |      0 |   1 |   18.0 |
               +--------+--------+--------+--------+--------+-----+--------+

Top non-repeatable levels by time:
     D:5: 1251 daAuts
     D:4: 1212 daAuts
     D:3: 1064 daAuts
     D:1: 1024 daAuts
     D:2: 885 daAuts
     D:6: 801 daAuts
     D:7: 205 daAuts
  Temple: 18 daAuts
